 Dungeon Crawl Stone Soup version 0.18.1-48-g4cf74bf (webtiles) character file.

82243 theElss the Eclecticist (level 15, -12/92 HPs)
             Began as a High Elf Conjurer on July 15, 2016.
             Was a High Priest of Vehumet.
             Killed from afar by Azrael (17 damage)
             ... with a fireball
             ... on level 2 of the Orcish Mines.
             The game lasted 02:52:28 (37934 turns).

theElss the Eclecticist (High Elf Conjurer)        Turns: 37934, Time: 02:52:29

Health: -12/92     AC:  8    Str:  9    XL:     15   Next: 29%
Magic:  23/45      EV: 15    Int: 24    God:    Vehumet [*****.]
Gold:   1672       SH:  7    Dex: 17    Spells: 11 memorised, 2 levels left

rFire  + . .     SeeInvis .     N - staff of fire
rCold  . . .     Gourm    .     M - +0 leather armour {rPois}
rNeg   . . .     Faith    .     y - +2 buckler
rPois  +         Spirit   .     (no helmet)
rElec  .         Dismiss  .     Z - +1 cloak
rCorr  .         Reflect  .     O - +0 pair of gloves
SustAt .         Harm     .     Y - +1 pair of boots
MR     +....                    (no amulet)
Stlth  ++........               A - ring of wizardry
                                f - ring of magical power

@: about to teleport, somewhat resistant to hostile enchantments, unstealthy
A: no striking features
a: Renounce Religion


You were on level 2 of the Orcish Mines.
You worshipped Vehumet.
Vehumet was extremely pleased with you.
You were not hungry.

You visited 4 branches of the dungeon, and saw 23 of its levels.
You also visited: Sewer and Volcano.

You collected 1827 gold pieces.
You spent 155 gold pieces at shops.

Inventory:

Hand Weapons
 d - a +1 short sword
Armour
 y - a +2 buckler (worn)
 M - a +0 leather armour of poison resistance (worn)
 O - a +0 pair of gloves (worn)
 Y - a +1 pair of boots (worn)
 Z - a +1 cloak (worn)
Magical Staves
 N - an uncursed staff of fire (weapon)
Jewellery
 f - a ring of magical power (left hand)
 l - an uncursed ring of teleportation
 m - an uncursed ring of protection from fire
 t - an uncursed ring of ice
 A - a ring of wizardry (right hand)
Wands
 e - a wand of acid (4/15)
 h - a wand of polymorph (8/24)
 L - a wand of lightning (12/15)
Scrolls
 a - 2 scrolls of remove curse
 k - a scroll of enchant armour
 n - 4 scrolls of teleportation
 s - 4 scrolls of recharging
 x - 4 scrolls of fog
 z - a scroll of silence
 B - a scroll of fear
 F - a scroll of acquirement
 K - 4 scrolls of magic mapping
 Q - a scroll of holy word
Potions
 g - 8 potions of might
 i - a potion of beneficial mutation
 o - a potion of invisibility {unknown}
 p - 10 potions of curing
 q - 4 potions of resistance
 u - 5 potions of flight
 v - 6 potions of brilliance
 w - 4 potions of heal wounds
 C - 2 potions of cancellation
 G - 4 potions of haste
 I - a potion of experience {unknown}
 R - a potion of lignification {unknown}
 T - 4 potions of agility
 U - a potion of ambrosia {unknown}
Comestibles
 b - 3 chunks of flesh
 c - 13 bread rations
 r - 9 meat rations
 E - a beef jerky
 P - a slice of pizza
 S - 10 fruits


   Skills:
 * Level 5.5 Fighting
 - Level 0.2 Short Blades
 - Level 6.4 Dodging
 - Level 2.1 Stealth
 - Level 4.1 Shields
 + Level 16.4 Spellcasting
 + Level 16.3 Conjurations
 * Level 13.1 Fire Magic
 + Level 0.5 Air Magic
 * Level 5.3 Evocations


You had 2 spell levels left.
You knew the following spells:

 Your Spells              Type           Power        Failure   Level  Hunger
a - Magic Dart            Conj           ####         0%          1    None
b - Iskenderun's Battles  Conj/Chrm      ######..     1%          5    #......
c - Searing Ray           Conj           ######       0%          2    None
d - Iskenderun's Mystic   Conj           #######.     1%          4    None
e - Throw Flame           Conj/Fire      ######       0%          2    None
f - Fireball              Conj/Fire      #######...   1%          5    #......
g - Mephitic Cloud        Conj/Pois/Air  #####...     1%          3    None
h - Stone Arrow           Conj/Erth      ######       1%          3    None
i - Iron Shot             Conj/Erth      ######....   3%          6    ####...
j - Poisonous Cloud       Conj/Pois/Air  #####.....   11%         6    ####...
k - Orb of Destruction    Conj           #######...   1%          7    ######.


Dungeon Overview and Level Annotations

Branches:
Dungeon (12/15)            Temple (1/1) D:4            Lair (8/8) D:11
 Shoals (0/4) Lair:5        Snake (0/4) Lair:6        Slime (0/6) Lair:7
    Orc (2/2) D:10            Elf (0/3) Orc:2

Altars:
Ashenzari
Cheibriados
Dithmenos
Elyvilon
Fedhas
Gozag
Kikubaaqudgha
Makhleb
Nemelex Xobeh
Okawaru
Pakellas
Qazlal
Ru
Sif Muna
Trog
Vehumet
Xom
Yredelemnul
Zin
The Shining One
Beogh
Jiyva

Shops:
D:5 :   D:7 *   D:8 *   D:10 :

Portals:
Hell: Lair:8

Annotations:
D:4 Sigmund
Orc:2 Azrael


Message History

Your battlesphere is destroyed!
You hear a bark!
You hear a shout! x2
Casting: Iskenderun's Mystic Blast
Confirm with . or Enter, or press ? or * to list all spells.
You conjure a globe of magical energy.
Azrael gestures at you.
The damnation unfurls!
The damnation engulfs you!
* * * LOW HITPOINT WARNING * * *
You hear a bark!
Azrael gestures at you.
The damnation unfurls!
The damnation engulfs you!
* * * LOW HITPOINT WARNING * * *
The damnation engulfs your battlesphere.
Your battlesphere is destroyed!
Read which item? (? for menu, Esc to quit)
As you read the scroll of teleportation, it crumbles to dust.
You feel strangely unstable. Azrael gestures at you.
The fireball explodes!
The fireball engulfs you! You resist.
You die...

##..._....# #..........
##.......... .#).#
##........... .....#
#...............#
......######..............
.)R..#)##................
#h.)[[))[.)..[..#........
#..#.)[#@§..).####.....$.
#..#.)).))....#.#........
#..#...()......(.........
#.....)##[)...))(<.......
##.......##.............##
##.........##...##########
#.........###...##....###
.......[..####..#.....'≈#
###........# ...#.....###


You could see Azrael and a hell hound.

Vanquished Creatures
  Gastronok (Orc:1)
  An orc warlord (D:10)
  2 dire elephants (Lair:8)
  A deep elf high priest (D:12)
  Erolcha (D:9)
  A fire dragon (D:12)
  An ice dragon (Lair:6)
  A hell beast (Lair:8)
  Harold (Lair:1)
  8 hydras
  2 centaur warriors (D:12)
  A catoblepas (Lair:5)
  8 death yaks
  4 orc high priests (Orc:2)
  A skeletal warrior (D:11)
  An unseen horror (D:9)
  2 hill giants
  An orc knight (D:12)
  A wizard (Lair:8)
  3 cyclopes
  3 orc sorcerers
  12 elephants
  3 griffons
  A wolf spider (D:12)
  A manticore (D:11)
  3 oklob plants (Lair:2)
  3 black mambas
  Joseph (D:8)
  A torpor snail (Lair:5)
  2 orange demons (Lair:8)
  10 spiny frogs
  2 guardian serpents (D:9)
  Psyche (D:8)
  A rime drake (Lair:6)
  2 kobold demonologists (D:12)
  A yaktaur (D:12)
  An efreet (Volcano)
  10 komodo dragons
  A hellwing (Lair:8)
  5 ice devils (Lair:8)
  3 red devils (Lair:8)
  6 trolls
  A two-headed ogre (D:11)
  4 polar bears
  12 blink frogs
  A spriggan (Lair:3)
  A wraith (D:10)
  2 shadows (D:11)
  A wyvern (D:9)
  41 yaks
  3 fire elementals
  4 basilisks
  Grum (D:9)
  5 hungry ghosts
  13 hippogriffs
  The ghost of daning the Charmwright, an amateur HESk of Okawaru (D:4)
  6 wargs
  3 nagas (Lair:6)
  A soldier ant (D:12)
  18 water moccasins
  10 porcupines
  5 phantoms
  2 ice beasts (D:8)
  18 orc warriors
  4 sky beasts
  2 black bears
  A wasp (D:9)
  14 ogres
  A necrophage (D:11)
  12 wolves
  9 centaurs
  22 crocodiles
  2 big kobolds
  24 giant frogs
  A wyvern zombie (D:10)
  2 gnoll sergeants
  6 scorpions
  14 killer bees
  3 spriggan skeletons (D:9)
  18 wights
  3 electric eels
  5 howler monkeys
  6 crimson imps
  3 quasits
  30 orc priests
  7 centaur skeletons
  5 hounds
  3 jellies
  34 orc wizards
  3 giant frog skeletons
  10 iguanas
  12 worker ants
  Natasha (D:3)
  A killer bee zombie (D:9)
  26 sheep
  A giant frog simulacrum (D:12)
  A hound skeleton (D:10)
  A worker ant zombie (D:10)
  12 gnolls
  35 river rats
  28 adders
  2 shadow imps (D:9)
  6 oozes
  2 adder skeletons
  2 worms
  2 dart slugs
  4 giant geckos
  93 orcs
  9 bats
  5 giant cockroaches
  5 goblins
  6 hobgoblins
  6 jackals
  24 kobolds
  7 quokkas
  10 ball pythons
  A giant gecko skeleton (D:5)
  6 giant newts
  33 rats
  4 bushes (Lair:2)
  A fire vortex (Volcano)
  8 plants
866 creatures vanquished.

Vanquished Creatures (others)
  A quokka (D:4)
  3 fungi
  3 plants
7 creatures vanquished.

Grand Total: 873 creatures vanquished

Notes
Turn   | Place    | Note
--------------------------------------------------------------
     0 | D:1      | theElss the High Elf Conjurer began the quest for the Orb.
     0 | D:1      | Reached XP level 1. HP: 11/11 MP: 4/4
   363 | D:1      | Reached XP level 2. HP: 17/17 MP: 3/6
   653 | D:1      | Reached skill level 5 in Conjurations
   831 | D:2      | Reached XP level 3. HP: 18/21 MP: 1/7
  1305 | D:2      | Learned a level 2 spell: Searing Ray
  1418 | D:2      | Reached XP level 4. HP: 27/27 MP: 5/9
  2301 | D:3      | Reached XP level 5. HP: 31/31 MP: 6/10
  2328 | D:3      | Learned a level 4 spell: Iskenderun's Mystic Blast
  2390 | D:3      | Noticed a phantom
  2503 | D:4      | Noticed Sigmund
  2529 | D:4      | Noticed an ogre
  2559 | D:3      | Found a glowing drain.
  2593 | Sewer    | Entered a sewer
  3324 | Sewer    | Reached XP level 6. HP: 30/36 MP: 8/13
  4525 | D:3      | Found a deep blue altar of Sif Muna.
  4526 | D:3      | Found a shimmering altar of Xom.
  4526 | D:3      | Found a basalt altar of Yredelemnul.
  4526 | D:3      | Found an oddly glowing altar of Pakellas.
  4670 | D:3      | Noticed Natasha
  4673 | D:3      | Killed Natasha
  4673 | D:3      | Reached skill level 5 in Spellcasting
  4681 | D:3      | Reached XP level 7. HP: 37/41 MP: 9/15
  5191 | D:4      | Found a staircase to the Ecumenical Temple.
  5200 | Temple   | Entered the Ecumenical Temple
  5204 | Temple   | Became a worshipper of Vehumet
  5541 | D:4      | Noticed daning's ghost (amateur HESk)
  5553 | D:4      | Killed daning's ghost
  5553 | D:4      | Reached XP level 8. HP: 46/46 MP: 10/18
  5560 | D:4      | Learned a level 5 spell: Iskenderun's Battlesphere
  6020 | D:4      | Found a white marble altar of Elyvilon.
  6287 | D:4      | Reached skill level 5 in Dodging
  6780 | D:4      | Reached skill level 1 in Shields
  6882 | D:5      | Entered Level 5 of the Dungeon
  7203 | D:5      | Found a snail-covered altar of Cheibriados.
  7697 | D:5      | Reached skill level 10 in Conjurations
  7697 | D:5      | Reached XP level 9. HP: 33/51 MP: 6/21
  7970 | D:5      | Found Emixis's Book Boutique.
  8318 | D:6      | Found a shimmering altar of Xom.
  8526 | D:6      | Reached * piety under Vehumet
  8526 | D:6      | Offered knowledge of Sandblast by Vehumet.
  8575 | D:6      | Found a shadowy altar of Dithmenos.
  9377 | D:7      | Found Zahaji's General Store.
  9609 | D:7      | Found an opulent altar of Gozag.
  9733 | D:7      | Bought a +0 pair of gloves for 58 gold pieces
  9733 | D:7      | Bought a scroll of blinking for 97 gold pieces
 10469 | D:8      | Noticed Joseph
 10521 | D:8      | Killed Joseph
 10904 | D:8      | Reached ** piety under Vehumet
 11025 | D:8      | Offered knowledge of Throw Flame by Vehumet.
 11048 | D:8      | Learned a level 2 spell: Throw Flame
 11129 | D:8      | Reached skill level 1 in Fire Magic
 11220 | D:8      | Reached XP level 10. HP: 56/56 MP: 19/24
 11552 | D:8      | Found Fow Deuk's General Store.
 11667 | D:8      | Noticed Psyche
 11951 | D:8      | Offered knowledge of Throw Frost by Vehumet.
 12070 | D:8      | Killed Psyche
 12334 | D:9      | Reached skill level 5 in Fire Magic
 12469 | D:9      | Reached *** piety under Vehumet
 12843 | D:9      | Offered knowledge of Conjure Flame by Vehumet.
 13571 | D:9      | Noticed Grum
 13801 | D:9      | Found a burning altar of Makhleb.
 13849 | D:9      | Noticed Erolcha
 13926 | D:9      | Killed Grum
 14122 | D:9      | Noticed a guardian serpent
 14317 | D:9      | Noticed a guardian serpent
 14798 | D:9      | Reached **** piety under Vehumet
 14926 | D:9      | Killed an unseen horror
 15292 | D:9      | Offered knowledge of Airstrike by Vehumet.
 15336 | D:9      | Killed a guardian serpent
 15336 | D:9      | Reached XP level 11. HP: 61/61 MP: 9/25
 16042 | D:9      | Killed Erolcha
 16259 | D:10     | Entered Level 10 of the Dungeon
 16436 | D:10     | Reached skill level 10 in Spellcasting
 16616 | D:10     | Found Astey's Book Emporium.
 17081 | D:10     | Identified the Reference Book on Fiery Combat Magic
 17120 | D:9      | Learned a level 5 spell: Fireball
 17124 | D:9      | Learned a level 3 spell: Mephitic Cloud
 17128 | D:9      | Learned a level 3 spell: Stone Arrow
 17666 | D:10     | Found a staircase to the Orcish Mines.
 18060 | D:11     | Found a burning altar of Makhleb.
 18481 | D:11     | Found a staircase to the Lair.
 18795 | D:11     | Reached ***** piety under Vehumet
 19030 | D:11     | Offered knowledge of Bolt of Magma by Vehumet.
 19092 | D:11     | You fall through a shaft!
 19440 | D:11     | Noticed a hill giant
 19444 | D:11     | Killed a hill giant
 19444 | D:11     | Reached skill level 10 in Fire Magic
 19815 | D:12     | Noticed a skeletal warrior
 19815 | D:12     | Reached XP level 12. HP: 60/66 MP: 6/28
 20104 | D:10     | Got an ancient ring mail
 20558 | D:12     | Noticed a centaur warrior
 20561 | D:12     | Killed a centaur warrior
 20856 | D:12     | Noticed a fire dragon
 20863 | D:12     | Killed a fire dragon
 20983 | D:12     | Noticed a deep elf high priest
 20986 | D:12     | Killed a deep elf high priest
 21028 | D:12     | Noticed a centaur warrior
 21225 | D:12     | Killed a centaur warrior
 21354 | D:12     | Noticed an ogre mage
 21837 | Lair:1   | Entered Level 1 of the Lair of Beasts
 22051 | Lair:1   | Noticed Harold
 22185 | Lair:1   | Found a snail-covered altar of Cheibriados.
 22476 | Lair:1   | Killed Harold
 22483 | Lair:1   | Noticed a five-headed hydra
 22484 | Lair:1   | Killed a five-headed hydra
 22970 | Lair:2   | Offered knowledge of Iron Shot by Vehumet.
 23018 | Lair:2   | Noticed a six-headed hydra
 23022 | Lair:2   | Killed a six-headed hydra
 23032 | Lair:2   | Learned a level 6 spell: Iron Shot
 23123 | Lair:2   | Reached XP level 13. HP: 71/71 MP: 25/31
 23133 | Lair:2   | Found a dark tunnel.
 23145 | Volcano  | Entered a volcano
 23205 | Volcano  | Got a jewelled chain mail
 24745 | Lair:2   | Got a transparent silver amulet
 24746 | Lair:2   | Identified the amulet "Meajyd" {Harm *Drain Dex+4} (You found it on level 2 of the Lair of Beasts)
 24971 | Lair:1   | Identified the +3 chain mail of Xom's Fury {Int+4} (You found it in a volcano)
 26772 | Lair:4   | Found a shattered altar of Ashenzari.
 27631 | Lair:5   | Found a staircase to the Shoals.
 27709 | Lair:5   | Offered knowledge of Freezing Cloud by Vehumet.
 27814 | Lair:5   | Reached skill level 15 in Conjurations
 28045 | Lair:5   | Reached skill level 1 in Fighting
 28843 | Lair:6   | Found a staircase to the Snake Pit.
 28857 | Lair:6   | Reached skill level 1 in Evocations
 28961 | Lair:6   | Reached skill level 15 in Spellcasting
 29153 | Lair:6   | Reached XP level 14. HP: 80/80 MP: 33/34
 29407 | Lair:6   | Found a frozen archway.
 30272 | Lair:7   | Offered knowledge of Spellforged Servitor by Vehumet.
 30547 | Lair:7   | Found a viscous altar of Jiyva.
 30547 | Lair:7   | Found a staircase to the Slime Pits.
 31630 | Lair:8   | Entered Level 8 of the Lair of Beasts
 32242 | Lair:7   | Got a warped mace
 32243 | Lair:7   | Identified the +7 mace "Pefi" {crush, Str+8 Int-2} (You found it on level 7 of the Lair of Beasts)
 32418 | Lair:8   | Offered knowledge of Poisonous Cloud by Vehumet.
 32580 | Lair:8   | Identified a scroll of acquirement
 33259 | Lair:8   | Found a burning altar of Makhleb.
 33903 | Lair:8   | Found a gateway to Hell.
 34229 | Orc:1    | Entered Level 1 of the Orcish Mines
 34490 | D:10     | Reached skill level 5 in Fighting
 34644 | Orc:1    | Noticed Gastronok
 34649 | Orc:1    | Noticed an orc warlord
 35381 | D:10     | Reached XP level 15. HP: 92/92 MP: 31/36
 35499 | D:10     | Found a staircase to the Orcish Mines.
 35700 | D:10     | Found Astey's Book Emporium.
 35890 | D:10     | Killed an orc warlord
 36030 | Orc:1    | Killed Gastronok
 36321 | Orc:1    | Learned a level 6 spell: Poisonous Cloud
 36406 | Orc:2    | Entered Level 2 of the Orcish Mines
 36737 | Orc:2    | Found a staircase to the Elven Halls.
 37050 | Orc:2    | Reached skill level 5 in Evocations
 37365 | Orc:2    | Offered knowledge of Orb of Destruction by Vehumet.
 37673 | Orc:2    | Found a roughly hewn altar of Beogh.
 37917 | Orc:2    | Learned a level 7 spell: Orb of Destruction
 37930 | Orc:2    | Noticed Azrael
 37934 | Orc:2    | Killed from afar by Azrael

Skill      XL: |  1  2  3  4  5  6  7  8  9 10 11 12 13 14 15 |
---------------+----------------------------------------------+-----
Conjurations   | 5 6 7 8 10 11 12 13 15 16 | 16.3
Spellcasting   | 3 4 5 6 7 9 11 13 15 16 | 16.4
Dodging        | 3 4 5 6 |  6.4
Shields        | 1 3 4 |  4.1
Fire Magic     | 1 8 10 11 12 13 | 13.1
Fighting       | 1 5 |  5.5
Evocations     | 1 4 5 |  5.3
Short Blades   | |  0.2
Stealth        | |  2.1
Air Magic      | |  0.5

Action                   |  1- 3 |  4- 6 |  7- 9 | 10-12 | 13-15 || total
-------------------------+-------+-------+-------+-------+-------++-------
Melee: Short sword       |       |    15 |       |     9 |       ||    24
       Staff             |       |       |       |       |     5 ||     5
 Cast: Magic Dart        |    67 |   135 |   216 |   363 |   283 ||  1064
       Searing Ray       |       |    16 |    49 |    55 |     2 ||   122
       Iskenderun's Myst |       |       |    28 |    75 |   182 ||   285
       Iskenderun's Batt |       |       |       |    91 |   161 ||   252
       Throw Flame       |       |       |       |    22 |    32 ||    54
       Fireball          |       |       |       |    45 |   141 ||   186
       Iron Shot         |       |       |       |       |     3 ||     3
       Poisonous Cloud   |       |       |       |       |     3 ||     3
  Use: Scroll            |       |     1 |     8 |    13 |    15 ||    37
       Potion            |       |       |       |     1 |     1 ||     2
  Eat: Chunk             |     1 |    11 |    21 |    48 |    52 ||   133
       Fruit             |       |       |     1 |     5 |     3 ||     9
       Beef jerky        |       |       |       |     3 |       ||     3
       Meat ration       |       |       |       |     1 |     2 ||     3
Armor: Robe              |     3 |    10 |     2 |       |       ||    15
       Leather armour    |       |       |    11 |    40 |    29 ||    80
Dodge: Dodged            |    13 |    41 |    40 |   175 |    88 ||   357
Block: Buckler           |       |     3 |    13 |    63 |    47 ||   126
